 Dungeon Crawl Stone Soup version 0.16-a0-3338-g714714c (webtiles) character file.

523 celem the Cleaver (level 7, -2/57 HPs)
             Began as a Hill Orc Fighter on Dec 28, 2014.
             Slain by yuleCrawler's ghost (11 damage)
             ... on level 5 of the Dungeon.
             The game lasted 00:09:58 (3346 turns).

celem the Cleaver (Hill Orc Fighter)                Turns: 3346, Time: 00:09:58

Health: -2/57      AC:  8    Str: 19    XL:     7   Next: 22%
Magic:  7/7        EV:  8    Int:  9    God:
Gold:   204        SH:  9    Dex: 11    Spells: 0 memorised, 6 levels left

rFire  . . .     SeeInvis .     a - +0 war axe
rCold  + . .     Clarity  .     t - +0 ring mail (curse)
rNeg   . . .     SustAb   .     c - +0 shield
rPois  .         Gourm    .     h - +0 helmet
rElec  .         Spirit   .     (no cloak)
rCorr  .         Warding  .     m - +0 pair of gloves (curse)
rMut   .         Stasis   .     (no boots)
MR     +....                    y - amulet of regeneration
Stlth  +.........               D - ring of protection from magic
                                p - ring of protection from cold

@: somewhat resistant to hostile enchantments, very unstealthy
A: no striking features
a: no special abilities


You were on level 5 of the Dungeon.
You were hungry.

You visited 1 branch of the dungeon, and saw 5 of its levels.

You collected 204 gold pieces.

Inventory:

Hand weapons
 a - a +0 war axe (weapon)
Armour
 b - a +0 scale mail
 c - a +0 shield (worn)
 h - a +0 helmet (worn)
 m - a cursed +0 pair of gloves (worn)
 t - a cursed +0 ring mail (worn)
Jewellery
 g - an uncursed ring of magical power
 p - a ring of protection from cold (left hand)
 y - an amulet of regeneration (around neck)
 A - an uncursed amulet of guardian spirit {unknown}
 D - a ring of protection from magic (right hand)
 G - an uncursed ring of ice {unknown}
Magical devices
 z - a wand of frost (0)
 B - a wand of cold (1)
 J - a wand of fire (9)
Scrolls
 f - 6 scrolls of identify {unknown}
 i - 2 scrolls of teleportation {unknown}
 j - a scroll of fear {unknown}
 l - a scroll of recharging {unknown}
 o - 2 scrolls of blinking {unknown}
 s - 2 scrolls of fog {unknown}
 x - 3 scrolls of immolation {unknown}
 E - a scroll of remove curse {unknown}
Potions
 e - a potion of might
 k - 3 potions of haste {unknown}
 n - 3 potions of curing {unknown}
 u - a potion of brilliance {unknown}
 C - a potion of resistance {unknown}
 F - 2 potions of cancellation {unknown}
 H - a potion of flight {unknown}
 I - a potion of restore abilities {unknown}
Comestibles
 d - 4 meat rations
 r - 4 bread rations
 v - a beef jerky
 w - a fruit


   Skills:
 - Level 3.6 Fighting
 + Level 10.0 Axes
 - Level 3.2 Armour
 - Level 3.2 Shields


You had 6 spell levels left.
You didn't know any spells.

Dungeon Overview and Level Annotations

Branches:
Dungeon (5/15)
 Temple: D:4-7

Altars:
Dithmenos
Gozag
Makhleb
Vehumet

Shops:
D:5 *

Annotations:
D:5 yuleCrawler's ghost, experienced FoFi


Message History

You hit yuleCrawler's ghost but do no damage.
YuleCrawler's ghost is severely damaged.
YuleCrawler's ghost shrieks, "Very impressive.
But it won't help.
Nothing will."
You block yuleCrawler's ghost's attack.
You hit yuleCrawler's ghost but do no damage.
YuleCrawler's ghost is severely damaged.
You block yuleCrawler's ghost's attack.
Your shield prevents you from hitting yuleCrawler's ghost.
YuleCrawler's ghost is severely damaged.
You block yuleCrawler's ghost's attack.
You barely miss yuleCrawler's ghost.
YuleCrawler's ghost is severely damaged.
YuleCrawler's ghost says, "My hard blade and your soft body.
They will meet - soon."
YuleCrawler's ghost hits you.
You hit yuleCrawler's ghost but do no damage.
YuleCrawler's ghost is severely damaged.
YuleCrawler's ghost hits you!
* * * LOW HITPOINT WARNING * * *
YuleCrawler's ghost hits you!
You die...

####.≈.⌠.⌠....≈..##.#
#.≈.....≈≈≈≈.<##.#
##≈≈≈≈≈≈≈.....##.#
############.##.##
#.........##...
#.###...........
#)#...##.##
##.##.###.#
#.@.......#
#......W##.#####
.............
#.....#.#####.#
##...##.# ##.# #.# #.
#.. #.# #..


You could see yuleCrawler's ghost.

Vanquished Creatures
  The ghost of yuleCrawler the Slasher, an average FoFi (D:3)
  A crimson imp (D:3)
  2 orc priests
  An orc wizard (D:4)
  A giant frog skeleton (D:4)
  An iguana (D:4)
  2 worker ants (D:4)
  Ijyb (D:4)
  5 adders
  4 gnolls (D:2)
  2 worms
  13 orcs
  3 ball pythons
  12 bats
  5 giant cockroaches
  14 goblins
  10 hobgoblins
  2 quokkas (D:3)
  4 giant geckos
  A giant gecko skeleton (D:4)
  5 giant newts
  15 kobolds
  A quokka skeleton (D:4)
  6 rats
112 creatures vanquished.

Notes
Turn   | Place    | Note
--------------------------------------------------------------
     0 | D:1      | celem, the Hill Orc Fighter, began the quest for the Orb.
     0 | D:1      | Reached XP level 1. HP: 19/19 MP: 1/1
   197 | D:1      | Reached XP level 2. HP: 26/26 MP: 2/2
   279 | D:1      | Reached skill level 4 in Axes
   580 | D:2      | Reached XP level 3. HP: 27/31 MP: 3/3
   717 | D:2      | Reached skill level 5 in Axes
  1040 | D:2      | Reached XP level 4. HP: 23/39 MP: 4/4
  1044 | D:2      | Reached skill level 6 in Axes
  1458 | D:3      | Found a radiant altar of Vehumet.
  1458 | D:3      | Found a burning altar of Makhleb.
  1466 | D:3      | Reached XP level 5. HP: 45/45 MP: 5/5
  1535 | D:3      | Reached skill level 7 in Axes
  1620 | D:3      | Found a shadowy altar of Dithmenos.
  1665 | D:3      | Noticed yuleCrawler's ghost (average FoFi)
  1684 | D:3      | HP: 1/45 [yuleCrawler's ghost (3)]
  1693 | D:3      | Killed yuleCrawler's ghost
  1693 | D:3      | Reached skill level 8 in Axes
  1693 | D:3      | Reached XP level 6. HP: 6/51 MP: 6/6
  2283 | D:4      | Reached skill level 9 in Axes
  2512 | D:4      | Noticed yuleCrawler's ghost (experienced FoFi)
  2641 | D:5      | Entered Level 5 of the Dungeon
  2649 | D:5      | Noticed yuleCrawler's ghost (experienced FoFi)
  2759 | D:4      | Noticed Ijyb
  2768 | D:4      | Reached XP level 7. HP: 54/57 MP: 7/7
  2780 | D:4      | Killed Ijyb
  3025 | D:4      | Reached skill level 10 in Axes
  3255 | D:5      | Found an opulent altar of Gozag.
  3297 | D:5      | Found Gozag's Platinum Reserve.
  3346 | D:5      | Slain by yuleCrawler's ghost

Action                   |  1- 3 |  4- 6 |  7- 9 || total
-------------------------+-------+-------+-------++-------
Melee: War axe           |   106 |   250 |    83 ||   439
 Stab: Distracted        |     1 |       |       ||     1
  Eat: Chunk             |     1 |     6 |     1 ||     8
       Royal jelly       |       |       |     1 ||     1
